WCHLSIM.com - West Coast Hockey League
Dernière mise à jour: 2025-12-07 16:11:59
html PUBLIC "-//W3C//DTD XHTML 1.0 Transitional//EN" "http://www.w3.org/TR/xhtml1/DTD/xhtml1-transitional.dtd"> WCHL - Game 269 - ANAHEIM OUTLAWS vs CALGARY FIREMEN

ANAHEIM OUTLAWS vs CALGARY FIREMEN

Created - 22 novembre 2024 at 21:06

Goals
1 2 3 T
ANAHEIM OUTLAWS 3 2 0 5
CALGARY FIREMEN 2 0 0 2
Shots
1 2 3 T
ANAHEIM OUTLAWS 21 7 10 38
CALGARY FIREMEN 8 1 9 18

1st period

1. ANAHEIM OUTLAWS , Jack Quinn 3 (Michael Rasmussen 5, Rasmus Ristolainen 1) at 1:25
2. CALGARY FIREMEN , Martin Fehervary 2 (Filip Forsberg 7, Rasmus Sandin 5) at 4:11 (PP)
3. ANAHEIM OUTLAWS , Noah Hanifin 3 (Carter Verhaeghe 9, Adrian Kempe 7) at 8:49
4. ANAHEIM OUTLAWS , Carter Verhaeghe 3 (Adrian Kempe 8) at 9:27
5. CALGARY FIREMEN , Ryan Johansen 4 (Isac Lundestrom 4, Martin Fehervary 4) at 11:20

Penalties :
Kent Johnson (ANA) for Boarding (Minor) at 2:38, Jake McCabe (CGY) for Interference (Minor) at 6:02, Filip Forsberg (CGY) for Holding Stick (Minor) at 14:56

2nd period

6. ANAHEIM OUTLAWS , Michael Bunting 6 (Jeff Skinner 3, Pierre Engvall 1) at 6:52
7. ANAHEIM OUTLAWS , Jacob Trouba 4 (Carter Verhaeghe 10, Adrian Kempe 9) at 11:34 (PP)

Penalties :
Calle Jarnkrok (CGY) for High sticking (Double Minor) at 1:30, Darren Raddysh (CGY) for Holding (Minor) at 9:35, Jack Quinn (ANA) for Holding (Minor) at 17:33, Oliver Ekman-Larsson (ANA) for Interference (Minor) at 19:33

3rd period

No Goal

Penalties :
Darren Raddysh (CGY) for Charging (Minor) at 4:11, Michael McCarron (CGY) for Holding (Minor) at 8:56, Joey Anderson (ANA) for Holding (Minor) at 14:21, Rasmus Ristolainen (ANA) for Tripping (Minor) at 19:29

Goalie Stats

Jacob Markstrom (ANA), 16 saves from 18 shots - (0,889), W, 7-9-2, 60:00 minutes
Marc-Andre Fleury (CGY), 23 saves from 28 shots - (0,821), L, 6-8-1, 31:34 minutes
Samuel Ersson (CGY), 10 saves from 10 shots - (1,000), 28:26 minutes

Players Stats for ANAHEIM OUTLAWS

Player Name              G  A  P  +/- PIM S  H  SB GA TA FO     MP     PP MP  PK MP  
------------------------------------------------------------------------------------
Adrian Kempe             0  3  3   2  0   3  1  0  0  0  9/30   24:37   7:24   5:05 
Alexander Nylander       0  0  0   0  0   0  0  0  0  0  0/0     8:38   0:00   1:00 
Carter Verhaeghe         1  2  3   2  0   5  1  0  0  0  2/2    23:49   7:24   4:17 
David Gustafsson         0  0  0   2  0   1  0  0  0  0  0/1    12:08   0:00   0:00 
Henri Jokiharju          0  0  0   1  0   2  0  0  0  0  0/0    10:47   0:00   0:04 
Jack Quinn               1  0  1   0  2   2  0  0  0  0  1/1     7:49   0:00   0:12 
Jacob Trouba             1  0  1   1  0   2  1  1  0  0  0/0    22:21   6:55   3:49 
Jeff Skinner             0  1  1   1  0   4  3  0  0  0  6/17   20:45   6:30   2:43 
Joey Anderson            0  0  0   0  2   1  0  0  0  0  0/0     6:47   0:00   0:00 
Kent Johnson             0  0  0   0  2   1  0  1  0  0  0/0     6:47   0:00   0:00 
Michael Bunting          1  0  1   1  0   6  1  0  0  0  1/3    18:02   6:30   0:00 
Michael Rasmussen        0  1  1   0  0   2  3  0  0  0  5/15   17:45   7:24   2:43 
Morgan Rielly            0  0  0   1  0   1  0  0  0  0  0/0    26:56   6:59   4:11 
Noah Hanifin             1  0  1   1  0   3  1  0  0  0  0/0    26:56   6:59   4:11 
Oliver Ekman-Larsson     0  0  0   1  2   0  0  1  0  0  0/0    21:16   6:55   2:45 
Pierre Engvall           0  1  1   1  0   2  1  0  0  0  1/1    18:02   6:30   0:00 
Pius Suter               0  0  0   0  0   3  0  0  0  0  5/8     6:48   0:00   0:00 
Rasmus Ristolainen       0  1  1   1  2   0  2  0  0  0  0/0    11:42   0:00   1:00 

Players Stats for CALGARY FIREMEN

Player Name              G  A  P  +/- PIM S  H  SB GA TA FO     MP     PP MP  PK MP  
------------------------------------------------------------------------------------
Andrew Copp              0  0  0   0  0   4  0  0  0  0  12/18  18:48   4:15   0:40 
Brett Howden             0  0  0  -2  0   1  1  0  0  0  9/16    9:13   0:00   6:05 
Calle Jarnkrok           0  0  0  -1  4   2  0  1  0  0  1/2    20:51   3:32   5:07 
Cody Glass               0  0  0  -2  0   1  0  0  0  0  0/0     3:21   0:13   0:00 
Darren Raddysh           0  0  0  -3  4   0  1  1  0  0  0/0    16:54   0:13   5:21 
Fabian Zetterlund        0  0  0  -1  0   3  0  0  0  0  0/1    15:53   3:40   0:00 
Filip Forsberg           0  1  1   0  2   3  0  0  0  0  0/0    18:07   4:15   0:00 
Isac Lundestrom          0  1  1   0  0   0  1  0  0  0  0/1    14:57   0:00   6:05 
Jack Drury               0  0  0  -1  0   0  1  0  0  0  7/15   14:44   1:15   1:16 
Jake McCabe              0  0  0  -1  2   0  1  2  0  0  0/0    19:00   4:18   0:00 
Jared Spurgeon           0  0  0   0  0   0  0  0  0  0  0/0    20:27   4:53   2:10 
Martin Fehervary         1  1  2   0  0   1  2  5  0  0  0/0    22:42   3:07   6:11 
Mason Marchment          0  0  0   0  0   1  0  0  0  0  0/2    16:58   3:05   0:00 
Michael McCarron         0  0  0   0  2   0  0  0  0  0  7/9    14:59   0:00   6:08 
Rasmus Sandin            0  1  1   0  0   0  0  1  0  0  0/0    23:00   2:54   6:46 
Ryan Graves              0  0  0  -2  0   0  2  2  0  0  0/0    17:54   0:35   7:20 
Ryan Johansen            1  0  1   0  0   2  1  0  0  0  12/14  15:04   3:45   2:27 
Yakov Trenin             0  0  0  -2  0   0  0  0  0  0  0/0     3:08   0:00   0:00 

3 Stars

1 - Carter Verhaeghe (ANA)
2 - Adrian Kempe (ANA)
3 - Jacob Trouba (ANA)

Power Play

ANAHEIM OUTLAWS - 1 on 7 Attempt(s) - 14,29%
CALGARY FIREMEN - 1 on 5 Attempt(s) - 20,00%

Penalty Kill

ANAHEIM OUTLAWS - 4 on 5 Attempt(s) - 80,00% - Score 0 goal in Penalty Kill
CALGARY FIREMEN - 6 on 7 Attempt(s) - 85,71% - Score 0 goal in Penalty Kill

Team Stat

ANAHEIM OUTLAWS - Hits : 14 - Faceoff Wins : 30 - Blocked Shots : 3 - Penalty Minutes : 10
CALGARY FIREMEN - Hits : 10 - Faceoff Wins : 48 - Blocked Shots : 12 - Penalty Minutes : 14

Official

Referees : Dan O'Rourke and Troy Paterson
Linesman : Derek Wahl and Libor Suchanek

Game Notes

Samuel Ersson enters game at 11:34 of 2nd period

Finance

Level 1 -- Attendance: 6000 (100,00%) -- Ticket Income 870 000 $
Level 2 -- Attendance: 5000 (100,00%) -- Ticket Income 550 000 $
Level 3 -- Attendance: 2664 (88,80%) -- Ticket Income 159 840 $
Level 4 -- Attendance: 4796 (95,92%) -- Ticket Income 282 964 $
Luxury Box -- Attendance: 1000 (100,00%) -- Ticket Income 290 000 $
Game was played at the Larouche Stadium.
Total Attendance: 19460 (97,30%)
Total Ticket Income: 2 152 804 $
Other Expense: 21 528 $
Total Income: 2 131 276 $

ANAHEIM OUTLAWS

5 vs 5 Forward 
   Center                   Left Wing                Right Wing               Time % Phy DF OF 
 1 Adrian Kempe             Carter Verhaeghe         David Gustafsson         36     1   2  2  
 2 Jeff Skinner             Michael Bunting          Pierre Engvall           31     1   2  2  
 3 Michael Rasmussen        Jack Quinn               Alexander Nylander       23     1   2  2  
 4 Pius Suter               Kent Johnson             Joey Anderson            10     1   2  2  

5 vs 5 Defense 
   Defense                  Defense                                           Time % Phy DF OF 
 1 Morgan Rielly            Noah Hanifin                                      36     1   2  2  
 2 Jacob Trouba             Oliver Ekman-Larsson                              31     1   2  2  
 3 Henri Jokiharju          Rasmus Ristolainen                                23     1   2  2  
 4 Morgan Rielly            Noah Hanifin                                      10     1   2  2  

PowerPlay Forward 
   Center                   Left Wing                Right Wing               Time % Phy DF OF 
 1 Adrian Kempe             Carter Verhaeghe         Michael Rasmussen        55     1   2  2  
 2 Jeff Skinner             Michael Bunting          Pierre Engvall           45     1   2  2  

PowerPlay Defense
   Defense                  Defense                                           Time % Phy DF OF 
 1 Morgan Rielly            Noah Hanifin                                      55     1   2  2  
 2 Jacob Trouba             Oliver Ekman-Larsson                              45     1   2  2  

Penalty Kill 4 Players Forward 
   Center                   Wing                     Time % Phy DF OF 
 1 Adrian Kempe             Carter Verhaeghe         55     1   2  2  
 2 Michael Rasmussen        Jeff Skinner             45     1   2  2  

Penalty Kill 4 Players Defense
   Defense                  Defense                  Time % Phy DF OF 
 1 Morgan Rielly            Noah Hanifin             55     1   2  2  
 2 Jacob Trouba             Oliver Ekman-Larsson     45     1   2  2  

Penalty Kill - 3 Players Forward 
   Forward                                           Time % Phy DF OF 
 1 Adrian Kempe                                      55     1   2  2  
 2 Carter Verhaeghe                                  45     1   2  2  

Penalty Kill - 3 Players Defense
   Defense                  Defense                  Time % Phy DF OF 
 1 Morgan Rielly            Noah Hanifin             55     1   2  2  
 2 Jacob Trouba             Oliver Ekman-Larsson     45     1   2  2  

4 vs 4 Forward 
   Center                   Wing                     Time % Phy DF OF 
 1 Adrian Kempe             Carter Verhaeghe         55     1   2  2  
 2 Pius Suter               Jeff Skinner             45     1   2  2  

4 vs 4 Defense
   Defense                  Defense                  Time % Phy DF OF 
 1 Morgan Rielly            Noah Hanifin             55     1   2  2  
 2 Jacob Trouba             Oliver Ekman-Larsson     45     1   2  2  

Last Minutes Offensive
   Center                   Left Wing                Right Wing               Defense                  Defense                  
   Adrian Kempe             Carter Verhaeghe         David Gustafsson         Morgan Rielly            Noah Hanifin             

Last Minutes Defensive
   Center                   Left Wing                Right Wing               Defense                  Defense                  
   Adrian Kempe             Carter Verhaeghe         David Gustafsson         Morgan Rielly            Noah Hanifin             

Goaltenders
Starting : Jacob Markstrom          
Backup : Lukas Dostal             

Extra Forwards
Normal : Michael Rasmussen, Pius Suter, Jack Quinn - PP : Michael Rasmussen, Pius Suter - PK : Jack Quinn
Extra Defensemen
Normal : Henri Jokiharju, Rasmus Ristolainen, Jacob Trouba - PP : Henri Jokiharju - PK : Rasmus Ristolainen, Jacob Trouba
Penalty Shots
Adrian Kempe, Carter Verhaeghe, Jack Quinn, Jeff Skinner, Michael Rasmussen
Custom OT Lines Forwards
Adrian Kempe, Carter Verhaeghe, David Gustafsson, Jeff Skinner, Michael Rasmussen, Michael Bunting, Pius Suter, Pierre Engvall, Jack Quinn, Kent Johnson
Custom OT Lines Defensemen
Morgan Rielly, Noah Hanifin, Jacob Trouba, Oliver Ekman-Larsson, Henri Jokiharju

Scratches
Kevin Fiala (Lower Body Injury), Mackenzie Blackwood (Healthy)

CALGARY FIREMEN

5 vs 5 Forward 
   Center                   Left Wing                Right Wing               Time % Phy DF OF 
 1 Andrew Copp              Mason Marchment          Filip Forsberg           34     0   1  4  
 2 Jack Drury               Fabian Zetterlund        Calle Jarnkrok           32     0   2  3  
 3 Ryan Johansen            Isac Lundestrom          Michael McCarron         25     1   3  1  
 4 Brett Howden             Yakov Trenin             Cody Glass               9      1   3  1  

5 vs 5 Defense 
   Defense                  Defense                                           Time % Phy DF OF 
 1 Jake McCabe              Rasmus Sandin                                     34     0   2  3  
 2 Martin Fehervary         Jared Spurgeon                                    32     0   2  3  
 3 Ryan Graves              Darren Raddysh                                    25     0   2  3  
 4 Jake McCabe              Rasmus Sandin                                     9      0   2  3  

PowerPlay Forward 
   Center                   Left Wing                Right Wing               Time % Phy DF OF 
 1 Andrew Copp              Fabian Zetterlund        Filip Forsberg           55     1   0  4  
 2 Ryan Johansen            Mason Marchment          Calle Jarnkrok           45     1   0  4  

PowerPlay Defense
   Defense                  Defense                                           Time % Phy DF OF 
 1 Jake McCabe              Jared Spurgeon                                    55     1   0  4  
 2 Rasmus Sandin            Martin Fehervary                                  45     1   0  4  

Penalty Kill 4 Players Forward 
   Center                   Wing                     Time % Phy DF OF 
 1 Michael McCarron         Calle Jarnkrok           55     1   4  0  
 2 Brett Howden             Isac Lundestrom          45     1   4  0  

Penalty Kill 4 Players Defense
   Defense                  Defense                  Time % Phy DF OF 
 1 Ryan Graves              Darren Raddysh           55     1   4  0  
 2 Rasmus Sandin            Martin Fehervary         45     1   4  0  

Penalty Kill - 3 Players Forward 
   Forward                                           Time % Phy DF OF 
 1 Michael McCarron                                  55     1   4  0  
 2 Isac Lundestrom                                   45     1   4  0  

Penalty Kill - 3 Players Defense
   Defense                  Defense                  Time % Phy DF OF 
 1 Darren Raddysh           Ryan Graves              55     1   4  0  
 2 Rasmus Sandin            Martin Fehervary         45     1   4  0  

4 vs 4 Forward 
   Center                   Wing                     Time % Phy DF OF 
 1 Andrew Copp              Filip Forsberg           55     1   1  3  
 2 Jack Drury               Mason Marchment          45     1   1  3  

4 vs 4 Defense
   Defense                  Defense                  Time % Phy DF OF 
 1 Jake McCabe              Jared Spurgeon           55     1   2  2  
 2 Rasmus Sandin            Martin Fehervary         45     1   2  2  

Last Minutes Offensive
   Center                   Left Wing                Right Wing               Defense                  Defense                  
   Andrew Copp              Mason Marchment          Filip Forsberg           Jake McCabe              Jared Spurgeon           

Last Minutes Defensive
   Center                   Left Wing                Right Wing               Defense                  Defense                  
   Andrew Copp              Fabian Zetterlund        Calle Jarnkrok           Ryan Graves              Martin Fehervary         

Goaltenders
Starting : Marc-Andre Fleury        
Backup : Samuel Ersson            

Extra Forwards
Normal : Jack Drury, Andrew Copp, Isac Lundestrom - PP : Jack Drury, Cody Glass - PK : Ryan Johansen
Extra Defensemen
Normal : Ryan Graves, Darren Raddysh, Rasmus Sandin - PP : Ryan Graves - PK : Darren Raddysh, Rasmus Sandin
Penalty Shots
Filip Forsberg, Andrew Copp, Fabian Zetterlund, Mason Marchment, Calle Jarnkrok
Custom OT Lines Forwards
Filip Forsberg, Andrew Copp, Fabian Zetterlund, Mason Marchment, Calle Jarnkrok, Ryan Johansen, Michael McCarron, Brett Howden, Yakov Trenin, Jack Drury
Custom OT Lines Defensemen
Jake McCabe, Jared Spurgeon, Rasmus Sandin, Martin Fehervary, Ryan Graves

Scratches
Gustav Lindstrom (Healthy), Jacob Bryson (Healthy)

% Time on Ice - ANAHEIM OUTLAWS

Lines # - Real PCT - Wanted PCT - Time Play
Normal Forward
1 - 32% - 36% - 12:08
2 - 30% - 31% - 11:32
3 - 20% - 23% - 7:38
4 - 18% - 10% - 6:48
Normal Defense
1 - 39% - 36% - 14:41
2 - 30% - 31% - 11:37
3 - 28% - 23% - 10:43
4 - 3% - 10% - 1:05
PP Forward
1 - 53% - 55% - 7:24
2 - 47% - 45% - 6:30
PP Defense
1 - 50% - 55% - 6:59
2 - 50% - 45% - 6:55
PK Forward
1 - 66% - 55% - 5:17
2 - 34% - 45% - 2:43
PK Defense
1 - 52% - 55% - 4:11
2 - 48% - 45% - 3:49
PK3 Forward
1 - 0% - 55%
2 - 0% - 45%
PK3 Defense
1 - 0% - 55%
2 - 0% - 45%
44 Forward
1 - 0% - 55%
2 - 0% - 45%
44 Defense
1 - 0% - 55%
2 - 0% - 45%
Last Minute Offensive  - 0:00
Last Minute Defensive  - 0:00
Total
Forward - 60:00
Defense - 60:00

% Time on Ice - CALGARY FIREMEN

Lines # - Real PCT - Wanted PCT - Time Play
Normal Forward
1 - 36% - 34% - 13:53
2 - 32% - 32% - 12:13
3 - 23% - 25% - 8:52
4 - 8% - 9% - 3:08
Normal Defense
1 - 37% - 34% - 13:58
2 - 35% - 32% - 13:24
3 - 26% - 25% - 9:59
4 - 2% - 9% - 0:45
PP Forward
1 - 53% - 55% - 4:15
2 - 47% - 45% - 3:45
PP Defense
1 - 61% - 55% - 4:53
2 - 39% - 45% - 3:07
PK Forward
1 - 56% - 55% - 7:49
2 - 44% - 45% - 6:05
PK Defense
1 - 54% - 55% - 7:34
2 - 46% - 45% - 6:20
PK3 Forward
1 - 0% - 55%
2 - 0% - 45%
PK3 Defense
1 - 0% - 55%
2 - 0% - 45%
44 Forward
1 - 0% - 55%
2 - 0% - 45%
44 Defense
1 - 0% - 55%
2 - 0% - 45%
Last Minute Offensive  - 0:00
Last Minute Defensive  - 0:00
Total
Forward - 60:00
Defense - 60:00

Play-by-Play

1st period


0:01 of 1st period - Andrew Copp wins face-off versus Adrian Kempe in neutral zone.
0:17 of 1st period - Filip Forsberg is hit by Noah Hanifin and loses puck.
0:20 of 1st period - Shot by Andrew Copp.
0:20 of 1st period - Stopped by Jacob Markstrom without a rebound.
0:21 of 1st period - Jack Drury wins face-off versus Michael Bunting in ANAHEIM OUTLAWS zone.
0:21 of 1st period - Jack Drury is hit by Jacob Trouba.
1:01 of 1st period - Shot by Fabian Zetterlund.
1:01 of 1st period - Shot Blocked by Oliver Ekman-Larsson.
1:03 of 1st period - Shot by Calle Jarnkrok.
1:03 of 1st period - Stopped by Jacob Markstrom without a rebound.
1:04 of 1st period - Ryan Johansen wins face-off versus Michael Rasmussen in ANAHEIM OUTLAWS zone.
1:17 of 1st period - Shot by Alexander Nylander.
1:17 of 1st period - Shot Misses the Net.
1:25 of 1st period - Shot by Jack Quinn.
1:25 of 1st period - Goal by Jack Quinn - ANAHEIM OUTLAWS : 1 - CALGARY FIREMEN : 0.
1:26 of 1st period - Andrew Copp wins face-off versus Adrian Kempe in neutral zone.
1:33 of 1st period - Shot by Andrew Copp.
1:33 of 1st period - Stopped by Jacob Markstrom without a rebound.
1:34 of 1st period - Brett Howden wins face-off versus Pius Suter in ANAHEIM OUTLAWS zone.
1:40 of 1st period - Icing by Noah Hanifin.
1:41 of 1st period - Andrew Copp wins face-off versus Pius Suter in ANAHEIM OUTLAWS zone.
1:51 of 1st period - Icing by Noah Hanifin.
1:52 of 1st period - Pius Suter wins face-off versus Isac Lundestrom in ANAHEIM OUTLAWS zone.
2:15 of 1st period - Icing by Morgan Rielly.
2:16 of 1st period - Pius Suter wins face-off versus Andrew Copp in ANAHEIM OUTLAWS zone.
2:33 of 1st period - Shot by Pius Suter.
2:33 of 1st period - Shot Misses the Net.
2:38 of 1st period - Minor Penalty to Kent Johnson for Boarding.
2:39 of 1st period - Ryan Johansen wins face-off versus Adrian Kempe in ANAHEIM OUTLAWS zone.
3:50 of 1st period - Shot by Filip Forsberg.
3:50 of 1st period - Shot Misses the Net.
3:52 of 1st period - Shot by Filip Forsberg.
3:52 of 1st period - Shot Misses the Net.
4:09 of 1st period - Shot by Filip Forsberg.
4:09 of 1st period - Shot Misses the Net.
4:11 of 1st period - Shot by Martin Fehervary.
4:11 of 1st period - Goal by Martin Fehervary - ANAHEIM OUTLAWS : 1 - CALGARY FIREMEN : 1.
4:12 of 1st period - Jack Quinn wins face-off versus Brett Howden in neutral zone.
4:12 of 1st period - Jack Quinn is hit by Brett Howden.
5:25 of 1st period - Shot by Michael Bunting.
5:25 of 1st period - Shot Blocked by Martin Fehervary.
5:27 of 1st period - Shot by Michael Bunting.
5:27 of 1st period - Shot Blocked by Martin Fehervary.
5:33 of 1st period - Shot by Jeff Skinner.
5:33 of 1st period - Stopped by Marc-Andre Fleury with a rebound.
5:35 of 1st period - Shot by Michael Bunting.
5:35 of 1st period - Shot Blocked by Martin Fehervary.
5:37 of 1st period - Shot by Henri Jokiharju.
5:37 of 1st period - Shot Misses the Net.
5:39 of 1st period - Shot by Jeff Skinner.
5:39 of 1st period - Shot Misses the Net.
5:41 of 1st period - Shot by Henri Jokiharju.
5:41 of 1st period - Stopped by Marc-Andre Fleury without a rebound.
5:42 of 1st period - Adrian Kempe wins face-off versus Jack Drury in CALGARY FIREMEN zone.
5:47 of 1st period - Shot by Adrian Kempe.
5:47 of 1st period - Stopped by Marc-Andre Fleury without a rebound.
5:48 of 1st period - Adrian Kempe wins face-off versus Jack Drury in CALGARY FIREMEN zone.
5:53 of 1st period - Shot by Carter Verhaeghe.
5:53 of 1st period - Stopped by Marc-Andre Fleury without a rebound.
5:54 of 1st period - Adrian Kempe wins face-off versus Calle Jarnkrok in CALGARY FIREMEN zone.
6:02 of 1st period - Minor Penalty to Jake McCabe for Interference.
6:03 of 1st period - Michael McCarron wins face-off versus Adrian Kempe in CALGARY FIREMEN zone.
8:41 of 1st period - Shot by Joey Anderson.
8:41 of 1st period - Stopped by Marc-Andre Fleury without a rebound.
8:42 of 1st period - Adrian Kempe wins face-off versus Brett Howden in CALGARY FIREMEN zone.
8:45 of 1st period - Shot by Carter Verhaeghe.
8:45 of 1st period - Shot Misses the Net.
8:47 of 1st period - Shot by Carter Verhaeghe.
8:47 of 1st period - Shot Misses the Net.
8:49 of 1st period - Shot by Noah Hanifin.
8:49 of 1st period - Goal by Noah Hanifin - ANAHEIM OUTLAWS : 2 - CALGARY FIREMEN : 1.
8:50 of 1st period - Michael Rasmussen wins face-off versus Brett Howden in neutral zone.
9:12 of 1st period - Icing by Martin Fehervary.
9:13 of 1st period - Adrian Kempe wins face-off versus Brett Howden in CALGARY FIREMEN zone.
9:13 of 1st period - Adrian Kempe is hit by Martin Fehervary.
9:18 of 1st period - Adrian Kempe is hit by Martin Fehervary and loses puck.
9:27 of 1st period - Shot by Carter Verhaeghe.
9:27 of 1st period - Goal by Carter Verhaeghe - ANAHEIM OUTLAWS : 3 - CALGARY FIREMEN : 1.
9:28 of 1st period - Jeff Skinner wins face-off versus Jack Drury in neutral zone.
9:35 of 1st period - Calle Jarnkrok is hit by Michael Bunting and loses puck.
9:42 of 1st period - Shot by Noah Hanifin.
9:42 of 1st period - Stopped by Marc-Andre Fleury with a rebound.
10:05 of 1st period - Shot by Michael Bunting.
10:05 of 1st period - Stopped by Marc-Andre Fleury with a rebound.
10:07 of 1st period - Shot by Michael Bunting.
10:07 of 1st period - Stopped by Marc-Andre Fleury with a rebound.
10:09 of 1st period - Shot by Pierre Engvall.
10:09 of 1st period - Stopped by Marc-Andre Fleury with a rebound.
10:11 of 1st period - Shot by Noah Hanifin.
10:11 of 1st period - Shot Blocked by Darren Raddysh.
10:51 of 1st period - Shot by Jacob Trouba.
10:51 of 1st period - Stopped by Marc-Andre Fleury without a rebound.
10:52 of 1st period - Ryan Johansen wins face-off versus Michael Rasmussen in CALGARY FIREMEN zone.
11:11 of 1st period - Michael McCarron is hit by Rasmus Ristolainen and loses puck.
11:20 of 1st period - Shot by Isac Lundestrom.
11:20 of 1st period - Deflect By Ryan Johansen.
11:20 of 1st period - Goal by Ryan Johansen - ANAHEIM OUTLAWS : 3 - CALGARY FIREMEN : 2.
11:21 of 1st period - Andrew Copp wins face-off versus Pius Suter in neutral zone.
11:48 of 1st period - Off-side.
11:49 of 1st period - Ryan Johansen wins face-off versus Adrian Kempe in neutral zone.
12:10 of 1st period - Shot by Ryan Johansen.
12:10 of 1st period - Shot Misses the Net.
12:12 of 1st period - Shot by Ryan Johansen.
12:12 of 1st period - Stopped by Jacob Markstrom without a rebound.
12:13 of 1st period - Jack Drury wins face-off versus Jeff Skinner in ANAHEIM OUTLAWS zone.
13:14 of 1st period - Shot by Adrian Kempe.
13:14 of 1st period - Stopped by Marc-Andre Fleury with a rebound.
13:16 of 1st period - Shot by Oliver Ekman-Larsson.
13:16 of 1st period - Shot Misses the Net.
13:18 of 1st period - Shot by Jacob Trouba.
13:18 of 1st period - Shot Misses the Net.
13:20 of 1st period - Shot by David Gustafsson.
13:20 of 1st period - Stopped by Marc-Andre Fleury without a rebound.
13:21 of 1st period - Andrew Copp wins face-off versus Michael Rasmussen in CALGARY FIREMEN zone.
13:32 of 1st period - Shot by Jack Quinn.
13:32 of 1st period - Shot Blocked by Martin Fehervary.
13:34 of 1st period - Shot by Henri Jokiharju.
13:34 of 1st period - Stopped by Marc-Andre Fleury without a rebound.
13:35 of 1st period - Adrian Kempe wins face-off versus Ryan Johansen in CALGARY FIREMEN zone.
14:26 of 1st period - Isac Lundestrom is hit by Jeff Skinner and loses puck.
14:33 of 1st period - Shot by Michael Bunting.
14:33 of 1st period - Deflect By Pierre Engvall.
14:33 of 1st period - Stopped by Marc-Andre Fleury without a rebound.
14:34 of 1st period - Andrew Copp wins face-off versus Michael Rasmussen in CALGARY FIREMEN zone.
14:56 of 1st period - Minor Penalty to Filip Forsberg for Holding Stick.
14:57 of 1st period - Michael McCarron wins face-off versus Jeff Skinner in CALGARY FIREMEN zone.
15:20 of 1st period - Shot by Michael Bunting.
15:20 of 1st period - Deflect By Jeff Skinner.
15:20 of 1st period - Stopped by Marc-Andre Fleury without a rebound.
15:21 of 1st period - Michael McCarron wins face-off versus Adrian Kempe in CALGARY FIREMEN zone.
15:21 of 1st period - Michael McCarron is hit by Michael Rasmussen.
15:35 of 1st period - Shot by Adrian Kempe.
15:35 of 1st period - Shot Misses the Net.
15:37 of 1st period - Shot by Adrian Kempe.
15:37 of 1st period - Stopped by Marc-Andre Fleury without a rebound.
15:38 of 1st period - Brett Howden wins face-off versus Jeff Skinner in CALGARY FIREMEN zone.
15:55 of 1st period - Shot by Michael Bunting.
15:55 of 1st period - Stopped by Marc-Andre Fleury with a rebound.
15:57 of 1st period - Shot by Noah Hanifin.
15:57 of 1st period - Stopped by Marc-Andre Fleury without a rebound.
15:58 of 1st period - Michael McCarron wins face-off versus Adrian Kempe in CALGARY FIREMEN zone.
16:29 of 1st period - Ryan Graves is hit by Michael Rasmussen and loses puck.
17:17 of 1st period - Shot by Andrew Copp.
17:17 of 1st period - Deflect By Filip Forsberg.
17:17 of 1st period - Stopped by Jacob Markstrom without a rebound.
17:18 of 1st period - Calle Jarnkrok wins face-off versus Jeff Skinner in ANAHEIM OUTLAWS zone.
17:29 of 1st period - Icing by Michael Bunting.
17:30 of 1st period - Jeff Skinner wins face-off versus Mason Marchment in ANAHEIM OUTLAWS zone.
18:14 of 1st period - Shot by Filip Forsberg.
18:14 of 1st period - Shot Misses the Net.
18:21 of 1st period - Icing by Noah Hanifin.
18:22 of 1st period - Jack Drury wins face-off versus Jeff Skinner in ANAHEIM OUTLAWS zone.
18:35 of 1st period - Shot by Fabian Zetterlund.
18:35 of 1st period - Stopped by Jacob Markstrom without a rebound.
18:36 of 1st period - Ryan Johansen wins face-off versus Adrian Kempe in ANAHEIM OUTLAWS zone.
18:59 of 1st period - Michael McCarron is hit by Adrian Kempe.
Goals for this period are 3 for ANAHEIM OUTLAWS vs 2 for CALGARY FIREMEN.
Shots for this period are 21 for ANAHEIM OUTLAWS vs 8 for CALGARY FIREMEN.

2nd period


0:01 of 2nd period - Andrew Copp wins face-off versus David Gustafsson in neutral zone.
0:08 of 2nd period - Jared Spurgeon is hit by Carter Verhaeghe.
0:43 of 2nd period - Shot by Mason Marchment.
0:43 of 2nd period - Shot Misses the Net.
1:22 of 2nd period - Shot by Michael Bunting.
1:22 of 2nd period - Stopped by Marc-Andre Fleury without a rebound.
1:23 of 2nd period - Jack Drury wins face-off versus Michael Rasmussen in CALGARY FIREMEN zone.
1:30 of 2nd period - Double Minor Penalty to Calle Jarnkrok for High sticking.
1:31 of 2nd period - Jeff Skinner wins face-off versus Michael McCarron in CALGARY FIREMEN zone.
2:10 of 2nd period - Off-side.
2:11 of 2nd period - Michael McCarron wins face-off versus Adrian Kempe in neutral zone.
2:48 of 2nd period - Shot by Carter Verhaeghe.
2:48 of 2nd period - Shot Misses the Net.
2:50 of 2nd period - Shot by Adrian Kempe.
2:50 of 2nd period - Shot Misses the Net.
2:52 of 2nd period - Shot by Oliver Ekman-Larsson.
2:52 of 2nd period - Shot Blocked by Ryan Graves.
2:54 of 2nd period - Shot by Carter Verhaeghe.
2:54 of 2nd period - Shot Misses the Net.
3:38 of 2nd period - Shot by Morgan Rielly.
3:38 of 2nd period - Shot Misses the Net.
4:06 of 2nd period - Shot by Carter Verhaeghe.
4:06 of 2nd period - Shot Misses the Net.
4:08 of 2nd period - Shot by Michael Rasmussen.
4:08 of 2nd period - Deflect By Carter Verhaeghe.
4:08 of 2nd period - Stopped by Marc-Andre Fleury without a rebound.
4:09 of 2nd period - Brett Howden wins face-off versus Jeff Skinner in CALGARY FIREMEN zone.
4:32 of 2nd period - Shot by Morgan Rielly.
4:32 of 2nd period - Stopped by Marc-Andre Fleury without a rebound.
4:33 of 2nd period - Michael McCarron wins face-off versus Adrian Kempe in CALGARY FIREMEN zone.
4:41 of 2nd period - Icing by Michael Rasmussen.
4:42 of 2nd period - Michael McCarron wins face-off versus Adrian Kempe in ANAHEIM OUTLAWS zone.
5:25 of 2nd period - Ryan Graves is hit by Pierre Engvall and loses puck.
5:48 of 2nd period - Icing by Darren Raddysh.
5:49 of 2nd period - Carter Verhaeghe wins face-off versus Jack Drury in CALGARY FIREMEN zone.
6:33 of 2nd period - Icing by Darren Raddysh.
6:34 of 2nd period - Jack Drury wins face-off versus Jeff Skinner in CALGARY FIREMEN zone.
6:48 of 2nd period - Shot by Jeff Skinner.
6:48 of 2nd period - Shot Misses the Net.
6:50 of 2nd period - Shot by Michael Bunting.
6:50 of 2nd period - Shot Misses the Net.
6:52 of 2nd period - Shot by Michael Bunting.
6:52 of 2nd period - Goal by Michael Bunting - ANAHEIM OUTLAWS : 4 - CALGARY FIREMEN : 2.
6:53 of 2nd period - Andrew Copp wins face-off versus Michael Rasmussen in neutral zone.
7:02 of 2nd period - Shot by Mason Marchment.
7:02 of 2nd period - Stopped by Jacob Markstrom without a rebound.
7:03 of 2nd period - Ryan Johansen wins face-off versus Michael Bunting in ANAHEIM OUTLAWS zone.
9:06 of 2nd period - Shot by Jack Quinn.
9:06 of 2nd period - Stopped by Marc-Andre Fleury without a rebound.
9:07 of 2nd period - Pius Suter wins face-off versus Jack Drury in CALGARY FIREMEN zone.
9:17 of 2nd period - Kent Johnson is hit by Ryan Graves.
9:35 of 2nd period - Minor Penalty to Darren Raddysh for Holding.
9:36 of 2nd period - Brett Howden wins face-off versus Adrian Kempe in CALGARY FIREMEN zone.
9:36 of 2nd period - Brett Howden is hit by Michael Rasmussen.
10:19 of 2nd period - Shot by Carter Verhaeghe.
10:19 of 2nd period - Stopped by Marc-Andre Fleury without a rebound.
10:20 of 2nd period - Brett Howden wins face-off versus Jeff Skinner in CALGARY FIREMEN zone.
11:32 of 2nd period - Shot by Carter Verhaeghe.
11:32 of 2nd period - Shot Blocked by Calle Jarnkrok.
11:34 of 2nd period - Shot by Jacob Trouba.
11:34 of 2nd period - Goal by Jacob Trouba - ANAHEIM OUTLAWS : 5 - CALGARY FIREMEN : 2.
11:34 of 2nd period - Samuel Ersson enters game.
11:35 of 2nd period - Pius Suter wins face-off versus Andrew Copp in neutral zone.
11:39 of 2nd period - Kent Johnson is hit by Jake McCabe and loses puck.
13:07 of 2nd period - Icing by Jared Spurgeon.
13:08 of 2nd period - Jeff Skinner wins face-off versus Jack Drury in CALGARY FIREMEN zone.
13:29 of 2nd period - Shot by Fabian Zetterlund.
13:29 of 2nd period - Shot Misses the Net.
14:39 of 2nd period - Shot by Michael Rasmussen.
14:39 of 2nd period - Shot Blocked by Jake McCabe.
15:27 of 2nd period - Shot by Filip Forsberg.
15:27 of 2nd period - Shot Misses the Net.
16:00 of 2nd period - Icing by Rasmus Ristolainen.
16:01 of 2nd period - Ryan Johansen wins face-off versus Adrian Kempe in ANAHEIM OUTLAWS zone.
17:26 of 2nd period - Shot by Michael Rasmussen.
17:26 of 2nd period - Shot Blocked by Rasmus Sandin.
17:33 of 2nd period - Minor Penalty to Jack Quinn for Holding.
17:34 of 2nd period - Andrew Copp wins face-off versus Michael Rasmussen in ANAHEIM OUTLAWS zone.
19:28 of 2nd period - Icing by Darren Raddysh.
19:29 of 2nd period - Ryan Johansen wins face-off versus Jeff Skinner in CALGARY FIREMEN zone.
19:33 of 2nd period - Minor Penalty to Oliver Ekman-Larsson for Interference.
19:34 of 2nd period - Michael Rasmussen wins face-off versus Mason Marchment in ANAHEIM OUTLAWS zone.
Goals for this period are 2 for ANAHEIM OUTLAWS vs 0 for CALGARY FIREMEN.
Shots for this period are 7 for ANAHEIM OUTLAWS vs 1 for CALGARY FIREMEN.

3rd period


0:01 of 3rd period - Andrew Copp wins face-off versus Adrian Kempe in neutral zone.
0:40 of 3rd period - Shot by Fabian Zetterlund.
0:40 of 3rd period - Shot Misses the Net.
0:46 of 3rd period - Shot by Filip Forsberg.
0:46 of 3rd period - Stopped by Jacob Markstrom with a rebound.
1:00 of 3rd period - Shot by Michael Rasmussen.
1:00 of 3rd period - Stopped by Samuel Ersson without a rebound.
1:01 of 3rd period - Ryan Johansen wins face-off versus Adrian Kempe in CALGARY FIREMEN zone.
1:25 of 3rd period - Morgan Rielly is hit by Ryan Johansen and loses puck.
1:40 of 3rd period - Shot by Pius Suter.
1:40 of 3rd period - Stopped by Samuel Ersson without a rebound.
1:41 of 3rd period - Pius Suter wins face-off versus Brett Howden in CALGARY FIREMEN zone.
1:53 of 3rd period - Shot by Kent Johnson.
1:53 of 3rd period - Stopped by Samuel Ersson without a rebound.
1:54 of 3rd period - Jack Drury wins face-off versus Adrian Kempe in CALGARY FIREMEN zone.
2:05 of 3rd period - Shot by Fabian Zetterlund.
2:05 of 3rd period - Shot Misses the Net.
2:34 of 3rd period - Shot by Carter Verhaeghe.
2:34 of 3rd period - Shot Misses the Net.
4:02 of 3rd period - Jack Quinn is hit by Ryan Graves and loses puck.
4:10 of 3rd period - Michael Rasmussen is hit by Darren Raddysh and loses puck.
4:11 of 3rd period - Minor Penalty to Darren Raddysh for Charging.
4:12 of 3rd period - Michael Rasmussen wins face-off versus Michael McCarron in CALGARY FIREMEN zone.
4:23 of 3rd period - Shot by Michael Rasmussen.
4:23 of 3rd period - Stopped by Samuel Ersson without a rebound.
4:24 of 3rd period - Brett Howden wins face-off versus Adrian Kempe in CALGARY FIREMEN zone.
4:55 of 3rd period - Shot by Morgan Rielly.
4:55 of 3rd period - Shot Blocked by Ryan Graves.
5:37 of 3rd period - Jared Spurgeon is hit by Jeff Skinner and loses puck.
5:44 of 3rd period - Shot by Oliver Ekman-Larsson.
5:44 of 3rd period - Shot Misses the Net.
5:50 of 3rd period - Shot by Jeff Skinner.
5:50 of 3rd period - Stopped by Samuel Ersson without a rebound.
5:51 of 3rd period - Brett Howden wins face-off versus Jeff Skinner in CALGARY FIREMEN zone.
7:29 of 3rd period - Off-side.
7:30 of 3rd period - Michael Rasmussen wins face-off versus Fabian Zetterlund in neutral zone.
7:41 of 3rd period - Shot by Fabian Zetterlund.
7:41 of 3rd period - Stopped by Jacob Markstrom with a rebound.
7:43 of 3rd period - Shot by Fabian Zetterlund.
7:43 of 3rd period - Shot Blocked by Jacob Trouba.
8:56 of 3rd period - Minor Penalty to Michael McCarron for Holding.
8:57 of 3rd period - Brett Howden wins face-off versus Adrian Kempe in CALGARY FIREMEN zone.
9:27 of 3rd period - Shot by Carter Verhaeghe.
9:27 of 3rd period - Stopped by Samuel Ersson without a rebound.
9:28 of 3rd period - Jeff Skinner wins face-off versus Brett Howden in CALGARY FIREMEN zone.
9:29 of 3rd period - Shot by Jacob Trouba.
9:29 of 3rd period - Shot Misses the Net.
9:31 of 3rd period - Shot by Jacob Trouba.
9:31 of 3rd period - Deflect By Jeff Skinner.
9:31 of 3rd period - Stopped by Samuel Ersson without a rebound.
9:32 of 3rd period - Brett Howden wins face-off versus Jeff Skinner in CALGARY FIREMEN zone.
9:32 of 3rd period - Brett Howden is hit by Jeff Skinner.
9:44 of 3rd period - Shot by Michael Bunting.
9:44 of 3rd period - Shot Blocked by Martin Fehervary.
10:15 of 3rd period - Icing by Jacob Trouba.
10:16 of 3rd period - Jeff Skinner wins face-off versus Brett Howden in ANAHEIM OUTLAWS zone.
10:16 of 3rd period - Jeff Skinner is hit by Isac Lundestrom.
10:59 of 3rd period - Andrew Copp is hit by Rasmus Ristolainen and loses puck.
11:24 of 3rd period - Shot by Pius Suter.
11:24 of 3rd period - Stopped by Samuel Ersson without a rebound.
11:25 of 3rd period - Carter Verhaeghe wins face-off versus Jack Drury in CALGARY FIREMEN zone.
11:26 of 3rd period - Shot by Adrian Kempe.
11:26 of 3rd period - Shot Blocked by Jake McCabe.
12:30 of 3rd period - Shot by Michael Bunting.
12:30 of 3rd period - Stopped by Samuel Ersson without a rebound.
12:31 of 3rd period - Ryan Johansen wins face-off versus Michael Rasmussen in CALGARY FIREMEN zone.
14:10 of 3rd period - Shot by Pius Suter.
14:10 of 3rd period - Stopped by Samuel Ersson with a rebound.
14:21 of 3rd period - Minor Penalty to Joey Anderson for Holding.
14:22 of 3rd period - Ryan Johansen wins face-off versus Adrian Kempe in ANAHEIM OUTLAWS zone.
14:49 of 3rd period - Adrian Kempe is hit by Jack Drury.
15:12 of 3rd period - Off-side.
15:13 of 3rd period - Andrew Copp wins face-off versus Adrian Kempe in neutral zone.
15:22 of 3rd period - Shot by Fabian Zetterlund.
15:22 of 3rd period - Shot Misses the Net.
15:24 of 3rd period - Shot by Andrew Copp.
15:24 of 3rd period - Stopped by Jacob Markstrom without a rebound.
15:25 of 3rd period - Andrew Copp wins face-off versus Michael Rasmussen in ANAHEIM OUTLAWS zone.
15:30 of 3rd period - Shot by Filip Forsberg.
15:30 of 3rd period - Stopped by Jacob Markstrom without a rebound.
15:31 of 3rd period - Adrian Kempe wins face-off versus Ryan Johansen in ANAHEIM OUTLAWS zone.
15:40 of 3rd period - Shot by Calle Jarnkrok.
15:40 of 3rd period - Stopped by Jacob Markstrom without a rebound.
15:41 of 3rd period - Adrian Kempe wins face-off versus Andrew Copp in ANAHEIM OUTLAWS zone.
16:04 of 3rd period - Shot by Fabian Zetterlund.
16:04 of 3rd period - Shot Misses the Net.
16:06 of 3rd period - Shot by Andrew Copp.
16:06 of 3rd period - Stopped by Jacob Markstrom without a rebound.
16:07 of 3rd period - Ryan Johansen wins face-off versus Michael Rasmussen in ANAHEIM OUTLAWS zone.
16:40 of 3rd period - Shot by Yakov Trenin.
16:40 of 3rd period - Shot Blocked by Kent Johnson.
16:42 of 3rd period - Shot by Darren Raddysh.
16:42 of 3rd period - Shot Misses the Net.
16:44 of 3rd period - Shot by Darren Raddysh.
16:44 of 3rd period - Deflect By Cody Glass.
16:44 of 3rd period - Stopped by Jacob Markstrom with a rebound.
16:50 of 3rd period - Shot by Brett Howden.
16:50 of 3rd period - Stopped by Jacob Markstrom without a rebound.
16:51 of 3rd period - Jack Drury wins face-off versus Adrian Kempe in ANAHEIM OUTLAWS zone.
16:58 of 3rd period - Shot by Fabian Zetterlund.
16:58 of 3rd period - Stopped by Jacob Markstrom without a rebound.
16:59 of 3rd period - Michael Bunting wins face-off versus Jack Drury in ANAHEIM OUTLAWS zone.
17:15 of 3rd period - Off-side.
17:16 of 3rd period - Adrian Kempe wins face-off versus Andrew Copp in neutral zone.
17:26 of 3rd period - Icing by Jared Spurgeon.
17:27 of 3rd period - Pierre Engvall wins face-off versus Andrew Copp in CALGARY FIREMEN zone.
19:29 of 3rd period - Minor Penalty to Rasmus Ristolainen for Tripping.
19:30 of 3rd period - Michael Rasmussen wins face-off versus Andrew Copp in ANAHEIM OUTLAWS zone.
19:49 of 3rd period - Shot by Andrew Copp.
19:49 of 3rd period - Shot Misses the Net.
19:51 of 3rd period - Shot by Jake McCabe.
19:51 of 3rd period - Shot Misses the Net.
19:53 of 3rd period - Shot by Jake McCabe.
19:53 of 3rd period - Shot Misses the Net.
Goals for this period are 0 for ANAHEIM OUTLAWS vs 0 for CALGARY FIREMEN.
Shots for this period are 10 for ANAHEIM OUTLAWS vs 9 for CALGARY FIREMEN.


MATTHEW
TKACHUK
TOM
WILSON
JAKE
GUENTZEL